 Dungeon Crawl Stone Soup version 0.30-a0-373-gd37427bb62 (webtiles) character file.

Game seed: 10924391960976055172

139459 freelancePsychic the Markskobold (level 17, 0/116 HPs)
             Began as a Kobold Fire Elementalist on Nov 24, 2022.
             Was the Champion of Qazlal.
             Slain by a tyrant leech (23 damage)
             ... on level 4 of the Swamp on Nov 25, 2022.
             The game lasted 01:38:21 (37469 turns).

freelancePsychic the Markskobold (KoFE)            Turns: 37469, Time: 01:38:21

Health: 0/116      AC: 25    Str:  8    XL:     17   Next: 88%
Magic:  0/34       EV: 25    Int: 27    God:    Qazlal [******]
Gold:   1127       SH: 14    Dex: 19    Spells: 20/32 levels left

rFire   + . .      SeeInvis .    K - +2 hand crossbow (drain)
rCold   . . .      Faith    +    n - +0 buckler
rNeg    . . .      Spirit   .    C - +3 steam dragon scales
rPois   .          Reflect  .    T - +4 helmet of Majestic Beauty {rC+}
rElec   .          Harm     .    z - +2 cloak
rCorr   .          Rampage  .    f - +2 pair of gloves {Str+3}
Will    +....                    U - +2 pair of boots {Fly}
Stlth   +.........               J
                                   - Hermit's Pendant {Faith Invo=14 Evo=0 MP+5}
HPRegen 0.39/turn                c - ring of fire
MPRegen 0.24/turn                a - +6 ring of intelligence

@: about to teleport, marked, protected from physical damage, flying, very
slightly contaminated, hasted, studying Unarmed Combat, repel missiles, very
quick
A: small, no large weapons, nightstalker 3
a: Renounce Religion, Upheaval, Elemental Force, Disaster Area


You were on level 4 of the Swamp.
You worshipped Qazlal.
Qazlal was exalted by your worship.
You visited 4 branches of the dungeon, and saw 26 of its levels.
You also visited: Volcano.

You collected 2820 gold pieces.
You spent 1693 gold pieces at shops.

Inventory:

Hand Weapons
 K - a +2 hand crossbow of draining (weapon)
Missiles
 v - 4 throwing nets
Armour
 f - a +2 pair of gloves of strength (worn)
 n - a +0 buckler (worn)
 z - a +2 cloak (worn)
 C - +3 steam dragon scales (worn)
 I - an orb of guile
 L - a +2 kite shield
 T - the +4 helmet of Majestic Beauty (worn) {rC+}
   (You found it on level 2 of the Lair of Beasts)

   rC:        It protects you from cold.
 U - a +2 pair of boots of flying (worn)
 W - the +7 ring mail "Otateilenn" {rF+}
   (You found it on level 2 of the Lair of Beasts)

   rF:        It protects you from fire.
Jewellery
 a - a +6 ring of intelligence (right hand)
 c - a ring of fire (left hand)
 d - a ring of ice
 l - a ring of fire
 s - a +6 ring of strength
 B - a ring of fire
 E - a ring of magical power
 J - the Hermit's Pendant (around neck) {Faith Invo=14 Evo=0 MP+5}
   (You found it on level 9 of the Dungeon)

   [amulet of faith]

   It sets your invocations skill to 14 and your evocations skill to 0.
   It allows you to gain divine favour quickly.
   MP:        It affects your magic capacity (+5).
 M - a +6 ring of dexterity
 O - an amulet of reflection
 P - an amulet of magic regeneration
 Q - a +4 ring of evasion
 S - an amulet of the acrobat
Wands
 m - a wand of acid (1)
 q - a wand of polymorph (68)
 u - a wand of charming (30)
 A - a wand of flame (35)
 D - a wand of iceblast (38)
 H - a wand of digging (10)
Scrolls
 j - 5 scrolls of amnesia
 o - 2 scrolls of teleportation {@r4}
 y - 7 scrolls of magic mapping
 F - 5 scrolls of noise
 G - 8 scrolls of identify {@r1}
 N - 3 scrolls of poison
 R - a scroll of brand weapon
 X - 4 scrolls of fog
Potions
 b - 2 potions of magic
 e - 12 potions of brilliance
 h - 4 potions of resistance
 i - 3 potions of attraction
 k - 3 potions of mutation
 p - 11 potions of curing {@q1}
 r - 2 potions of lignification
 w - a potion of invisibility
 x - 7 potions of might
 Y - 4 potions of haste {@q3}
Miscellaneous
 V - a phial of floods (inert)


   Skills:
 + Level 16.4 Fighting
 - Level 18.0 Ranged Weapons
 - Level 0.2 Armour
 - Level 14.7 Dodging
 - Level 3.2 Stealth
 * Level 4.1 Shields
 - Level 8.1 Spellcasting
 - Level 8.5 Conjurations
 - Level 4.0 Hexes
 + Level 13.5 Fire Magic
 - Level 8.0(14.0) Invocations


You had 20 spell levels left.
You knew the following spells:

 Your Spells              Type           Power      Damage    Failure   Level
a - Foxfire               Conj/Fire      100%       2x1d9     1%          1
b - Scorch                Fire           100%       2d10      1%          2
c - Inner Flame           Hex/Fire       73%        N/A       1%          3
e - Starburst             Conj/Fire      41%        6d12      12%         6

Your spell library contained the following spells:

 Spells                   Type           Power      Damage    Failure   Level
 Momentum Strike          Conj/Tloc      68%        3d9       1%          2
 Dazzling Flash           Conj/Hex       90%        N/A       1%          3
 Flame Wave               Conj/Fire      82%        2d18      1%          4
 Kindle Blastsparks       Fire/Tloc/Air  100%       2d18      3%          3
 Ensorcelled Hibernation  Hex/Ice        44%        N/A       4%          2
 Tukima's Dance           Hex            32%        N/A       4%          3
 Fulminant Prism          Conj/Hex       22%        3d12      5%          4
 Beastly Appendage        Tmut           22%        N/A       8%          1
 Portal Projectile        Hex/Tloc       44%        N/A       10%         3
 Summon Guardian Golem    Hex/Summ       22%        N/A       10%         3
 Blink                    Tloc           22%        N/A       12%         2
 Passwall                 Tmut/Erth      9%         N/A       12%         2
 Wereblood                Tmut           11%        N/A       12%         2
 Iskenderun's Mystic Bla  Conj/Tloc      34%        2d8       13%         4
 Cause Fear               Hex            16%        N/A       14%         4
 Frozen Ramparts          Ice            22%        1d4       22%         3
 Lesser Beckoning         Tloc           22%        N/A       22%         3
 Spider Form              Tmut/Pois      11%        N/A       22%         3
 Swiftness                Air            11%        N/A       22%         3
 Lightning Bolt           Conj/Air       17%        1d31      34%         5
 Airstrike                Air            5%         2d(1-17)  58%         4
 Ice Form                 Ice/Tmut       11%        N/A       58%         4
 Summon Ice Beast         Ice/Summ       11%        N/A       58%         4
 Summon Lightning Spire   Summ/Air       11%        N/A       58%         4
 Orb of Destruction       Conj           27%        9d9       88%         7
 Blade Hands              Tmut           5%         N/A       91%         5
 Lee's Rapid Deconstruct  Erth           5%         3d6*      91%         5
 Dragon Form              Tmut           5%         N/A       100%        7
 Spellforged Servitor     Conj/Summ      17%        N/A       100%        7
 Dragon's Call            Summ           5%         N/A       100%        9


Dungeon Overview and Level Annotations

Branches:
Dungeon (15/15)            Temple (0/1) D:7            Lair (5/5) D:11
  Swamp (4/4) Lair:2       Spider (0/4) Lair:2        Slime (0/5) Lair:5
    Orc (2/2) D:9             Elf (0/3) Orc:2        Vaults (0/5) D:13
 Depths (0/4) D:15        Volcano (visited)

Altars:
Elyvilon
Fedhas
Nemelex Xobeh
Okawaru
Qazlal
Sif Muna
Trog
Uskayaw
Vehumet
The Shining One
Jiyva

Shops:
D:2 (:   D:4 !   D:11 :   Orc:2 !*(!

Annotations:
D:5 3 runed translucent doors, retardedninja's ghost, amateur HOFi
D:14 1 transporter
Lair:4 2 transporters


Innate Abilities, Weirdness & Mutations

You are small and have problems with some larger weapons.
You are completely attuned to the shadows.


Message History

Unknown command.
Fire: K) +2 hand crossbow (drain)
Press: ? - help, Shift-Dir - straight line, f - alligator
Aim: an alligator (lightly wounded, strong, 78% to hit)
You shoot a bolt. The bolt hits the alligator!
The alligator is moderately wounded.
You hear a roar!
A swamp dragon comes into view.
The spriggan pulls the alarm!
The alarm trap emits a blaring wail!
A sentinel's mark forms upon you.
You hear a horrible gurgling sound!
You hear a deafening roar! x2
You hear a roar! x2; You hear a deafening roar!
You hear a horrible gurgling sound!
Unknown command.
As you read the scroll of teleportation {@r4}, it crumbles to dust.
You feel strangely unstable.
The alligator puts on a burst of speed!
Fire: K) +2 hand crossbow (drain)
Press: ? - help, Shift-Dir - straight line, f/p - alligator
Aim: an alligator (moderately wounded, strong, covering ground quickly, 78% to hit)
You shoot a bolt. The bolt hits the alligator!!
The alligator is heavily wounded.
The spriggan closely misses you.
Fire: K) +2 hand crossbow (drain)
Press: ? - help, Shift-Dir - straight line, f - spriggan
Aim: a spriggan, wielding a +4 rapier and wearing a +0 robe (sparse dust, 60% to hit)
You shoot a bolt. The bolt hits the spriggan!!
The spriggan is severely wounded.
An eight-headed hydra comes into view.
Casting: Starburst (dangerous; 12% risk of failure)
Confirm with . or Enter, or press ? or * to list all spells.
Casting: Starburst (dangerous; 12% risk of failure)
Press: ? - help, Dir - look around, f - activate You feel a surge of power!
You miscast Starburst.
You are very lightly contaminated with residual magic.
Nothing appears to happen.
The spriggan misses you. You block the swamp dragon's attack.
The swamp dragon misses you.
The swamp dragon tramples you but does no damage.
The tyrant leech bites you!!
You die...

.....~♣ ~..~.♣♣
~.≈≈[♣ .~ ♣.≈♣.♣♣
♣~~~~~. ♣♣
♣....~♣♣♣.....~♣♣~♣
...~§.♣≈...~.S~♣○○♣
...D♣.☼.~..D.DR~○○○
.♣.♣§!☼..♣~.xv§°~~♣
♣♣~♣@i§.♣~~.w°§~♣♣
♣♣~.wD°○≈♣.♣~~§~~♣
♣..§R♣♣♣♣♣.~♣~~♣♣~♣
~...~D♣ .♣♣♣~♣ ♣♣
~♣~.?~.. ~...§...~
~~.♣§♣..~


You could see an eleionoma, an eight-headed hydra, 2 swamp dragons, a tyrant
leech and a spriggan.

Vanquished Creatures
  A tentacled monstrosity (Swamp:3)
  2 thorn hunters
  Louise (D:15)
  An orc warlord (Orc:2)
  A stone giant (D:15)
  2 eleionomae
  3 bunyips
  2 dire elephants (Lair:5)
  Josephine (Orc:1)
  The ghost of Figabreb the Skirmisher, a journeyman DgIE (Lair:2)
  A rakshasa (D:14)
  11 hydras
  8 vault guards (D:13)
  A ghost crab (Swamp:4)
  Erolcha (D:13)
  2 death knights
  Erica (D:8)
  3 catoblepae
  4 boulder beetles
  An anaconda (Swamp:4)
  6 two-headed ogres
  8 centaur warriors
  An ogre mage (D:10)
  4 alligators
  2 death yaks
  3 tengu warriors (D:15)
  2 spectral death yaks (Lair:5)
  5 skeletal warriors
  A spectral anaconda (Lair:5)
  4 spriggan druids
  5 bog bodies
  2 goliath frogs
  6 swamp dragons
  An obsidian statue (Lair:5)
  A lindwurm (Volcano)
  A phantasmal warrior (D:14)
  Pikel (D:9)
  8 orc knights
  3 deep elf pyromancers
  4 necromancers (Lair:5)
  An oklob plant (Lair:3)
  3 manticores
  An orc sorcerer (Orc:2)
  12 ugly things
  7 cyclopes
  2 will-o-the-wisps
  Joseph (D:8)
  A moth of wrath (Lair:2)
  16 elephants
  Maurice (D:8)
  5 black mambas
  2 gargoyles
  A dire elephant skeleton (Lair:5)
  A molten gargoyle (Volcano)
  3 freezing wraiths (D:14)
  14 cane toads
  4 rime drakes
  6 komodo dragons
  A tengu conjurer (D:14)
  3 trolls
  6 tyrant leeches
  A polar bear (Lair:4)
  11 hornets
  23 blink frogs
  10 slime creatures
  10 dream sheep (Lair:5)
  A spectral elephant (Lair:5)
  3 centaur simulacra (D:14)
  A culicivora (Lair:2)
  10 spriggans
  3 shadows
  40 yaks
  A vampire (D:10)
  6 wraiths
  2 fire bats (Volcano)
  4 basilisks
  7 steam dragons
  4 wyverns
  2 fire elementals (D:15)
  16 vampire mosquitoes
  7 wargs (Orc:2)
  Grum (D:9)
  12 swamp worms
  A death yak simulacrum (Lair:5)
  3 acid dragons
  A spectral cane toad (Lair:5)
  3 hell hounds (D:15)
  15 water moccasins
  A swamp drake (Swamp:3)
  44 orc warriors
  2 elephant zombies (Lair:5)
  An ice beast (D:6)
  2 sky beasts (D:8)
  7 ogres
  5 wolves
  3 black bears
  4 centaurs
  2 phantoms (D:6)
  A kobold brigand (D:8)
  7 bullfrogs
  2 cane toad simulacra (Lair:5)
  2 gnoll sergeants
  3 scorpions
  9 wights
  4 killer bees
  An elephant simulacrum (Lair:5)
  An electric eel (Lair:5)
  2 howler monkeys (D:11)
  6 lava snakes (Volcano)
  4 hounds
  3 jellies
  2 gnoll boudas
  15 orc priests
  21 orc wizards
  Ijyb (D:3)
  Natasha (thrice) (D:4)
  4 iguanas
  5 hell rats (Lair:3)
  24 gnolls
  8 adders
  A shadow imp (D:8)
  2 white imps
  2 ufetubi
  A worm (D:4)
  A dart slug (D:2)
  106 orcs
  8 ball pythons
  3 bats
  6 endoplasms
  3 giant cockroaches
  9 goblins
  9 hobgoblins
  9 jackals
  2 quokkas
  5 frilled lizards
  9 kobolds
  6 rats
  A foxfire (D:3)
787 creatures vanquished.

Vanquished Creatures (collateral kills)
  Nikola (Swamp:2)
  Azrael (D:15)
  A hydra (D:10)
  2 skeletal warriors
  A gargoyle (D:7)
  A molten gargoyle (Volcano)
  A shadow (D:10)
  A swamp worm (Swamp:2)
  An orc warrior (D:12)
  A wight (D:8)
  A foxfire (D:1)
12 creatures vanquished.

Vanquished Creatures (others)
  A bog body (Swamp:2)
  2 bloated husks (Swamp:3)
  A yak (Lair:4)
  A wight (D:8)
  A bush (Lair:5)
  76 foxfires
  51 fungi
  44 plants
  8 toadstools (Swamp:1)
  26 withered plants (Lair:5)
211 creatures vanquished.

Grand Total: 1010 creatures vanquished

Notes
Turn   | Place    | Note
-------+----------+-------------------------------------------
     0 | D:1      | freelancePsychic the Kobold Fire Elementalist began the
                  | quest for the Orb.
     0 | D:1      | Reached XP level 1. HP: 10/10 MP: 3/3
   199 | D:1      | Reached XP level 2. HP: 14/15 MP: 1/5
   545 | D:1      | Learned a level 2 spell: Scorch
   826 | D:1      | Reached XP level 3. HP: 19/19 MP: 3/6
   894 | D:1      | Found a faded altar of an unknown god.
   900 | D:1      | Prayed at the altar of an unknown god.
   900 | D:1      | Became a worshipper of Qazlal Stormbringer
   900 | D:1      | Reached * piety under Qazlal
  1717 | D:2      | Found Xusien's Weapon Boutique.
  1826 | D:2      | Reached XP level 4. HP: 24/24 MP: 3/7
  2025 | D:2      | Reached skill level 1 in Fighting
  2028 | D:2      | Reached skill level 1 in Hexes
  2514 | D:2      | Found Econg's Book Emporium.
  2517 | D:2      | Identified the +3 scale mail of Complete Protection {rF+
                  | rN+ Will+ Slay-3}
  2713 | D:3      | Learned a level 3 spell: Inner Flame
  2743 | D:3      | Noticed Ijyb
  2823 | D:3      | Reached ** piety under Qazlal
  2841 | D:3      | Reached XP level 5. HP: 29/29 MP: 0/8
  3019 | D:3      | Found a radiant altar of Vehumet.
  3237 | D:3      | Killed Ijyb
  3529 | D:3      | Reached XP level 6. HP: 30/35 MP: 2/9
  3533 | D:3      | Reached skill level 5 in Fire Magic
  3611 | D:3      | Found a stormy altar of Qazlal.
  3679 | D:3      | Found a shimmering blue altar of Sif Muna.
  3710 | D:3      | Found an iron altar of Okawaru.
  3903 | D:3      | Found a white marble altar of Elyvilon.
  3965 | D:3      | Found a blossoming altar of Fedhas.
  4168 | D:4      | Found Uraug's Distillery.
  4173 | D:4      | Bought 2 potions of heal wounds for 120 gold pieces
  4221 | D:4      | Noticed a black bear
  4223 | D:4      | Killed a black bear
  4224 | D:4      | Reached XP level 7. HP: 41/41 MP: 5/11
  4311 | D:4      | Reached *** piety under Qazlal
  4866 | D:4      | Noticed Natasha
  4869 | D:4      | Killed Natasha
  4974 | D:4      | Noticed Natasha
  4976 | D:4      | Killed Natasha
  5130 | D:4      | Noticed Natasha
  5133 | D:4      | Killed Natasha
  5308 | D:5      | Entered Level 5 of the Dungeon
  5689 | D:5      | Reached XP level 8. HP: 39/48 MP: 5/14
  5912 | D:5      | Found a runed translucent gate.
  5912 | D:5      | Found a runed translucent gate.
  5912 | D:5      | Found a runed translucent gate.
  6421 | D:5      | Noticed retardedninja's ghost (amateur HOFi)
  6427 | D:5      | Identified the +1 chain mail of Quiet Fog {rC+ Int+7
                  | Stlth-}
  6465 | D:6      | Reached skill level 1 in Invocations
  6635 | D:6      | Reached skill level 5 in Fighting
  6650 | D:6      | Reached skill level 5 in Spellcasting
  7090 | D:5      | Reached **** piety under Qazlal
  7091 | D:5      | Reached XP level 9. HP: 55/55 MP: 4/17
  7465 | D:6      | Reached skill level 5 in Invocations
  8256 | D:7      | Found a staircase to the Ecumenical Temple.
  8365 | D:7      | Identified the +0 leather armour "Dofrost" {rC+ Str+5 Int+3
                  | Dex-4}
  8456 | D:7      | Noticed a gargoyle
  8463 | D:7      | Killed a gargoyle
  8532 | D:7      | Noticed a hornet
  8535 | D:7      | Killed a hornet
  8536 | D:7      | Reached XP level 10. HP: 54/64 MP: 12/20
  8934 | D:8      | Noticed Maurice
  8937 | D:8      | Killed Maurice
  9167 | D:8      | Noticed a two-headed ogre
  9170 | D:8      | Killed a two-headed ogre
  9302 | D:8      | Noticed Erica
  9372 | D:8      | Noticed a two-headed ogre
  9401 | D:8      | Killed a two-headed ogre
  9564 | D:8      | Noticed Joseph
  9584 | D:8      | Killed Joseph
  9851 | D:8      | Found a bloodstained altar of Trog.
  9889 | D:8      | Found a hide-covered altar of Uskayaw.
 10043 | D:8      | Killed Erica
 10044 | D:8      | Reached skill level 5 in Dodging
 10044 | D:8      | Reached XP level 11. HP: 72/72 MP: 15/23
 10262 | D:8      | Reached skill level 10 in Fighting
 10369 | D:8      | You fall into a shaft and drop 2 floors!
 10369 | D:10     | Entered Level 10 of the Dungeon
 10618 | D:8      | Identified the +1 leather armour of Indomitability {rF++
                  | Str-3 Int+2 SInv}
 10678 | D:9      | Noticed Grum
 10913 | D:9      | Killed Grum
 11224 | D:9      | Found the Hermit's Pendant {Faith Invo=14 Evo=0 MP+5}
 11760 | D:9      | Reached ***** piety under Qazlal
 11897 | D:9      | Found a staircase to the Orcish Mines.
 11993 | D:9      | Noticed Pikel
 11999 | D:9      | Killed Pikel
 12820 | D:10     | Noticed a seven-headed hydra
 12820 | D:10     | Noticed an eight-headed hydra
 12824 | D:10     | Killed a seven-headed hydra
 12825 | D:10     | Killed an eight-headed hydra
 12826 | D:10     | Reached XP level 12. HP: 40/81 MP: 6/24
 12828 | D:10     | Noticed an ogre mage
 12834 | D:10     | Killed an ogre mage
 12835 | D:10     | Reached skill level 10 in Dodging
 13975 | D:11     | Found a glowing golden altar of the Shining One.
 14089 | D:11     | Found a staircase to the Lair.
 14112 | D:11     | Noticed a skeletal warrior
 14129 | D:11     | Killed a skeletal warrior
 14137 | D:11     | Noticed a skeletal warrior
 14144 | D:11     | Killed a skeletal warrior
 14144 | D:11     | Noticed a skeletal warrior
 14267 | D:11     | Killed a skeletal warrior
 14614 | D:11     | Noticed a two-headed ogre
 14617 | D:11     | Killed a two-headed ogre
 14734 | D:11     | Found Faske's Book Shoppe.
 14739 | D:11     | Bought a book of Spectacle for 384 gold pieces
 16016 | D:12     | Reached XP level 13. HP: 70/89 MP: 22/25
 17260 | Lair:1   | Entered Level 1 of the Lair of Beasts
 17270 | Lair:1   | Learned a level 6 spell: Starburst
 18343 | Lair:2   | Reached skill level 5 in Conjurations
 18692 | Lair:2   | Found a hole to the Spider Nest.
 18702 | Lair:2   | Noticed a seven-headed hydra
 18706 | Lair:2   | Killed a seven-headed hydra
 19357 | Lair:2   | Reached skill level 15 in Fighting
 19514 | Lair:2   | Found a staircase to the Swamp.
 19572 | Lair:2   | Identified the +7 ring mail "Otateilenn" {rF+}
 19739 | Lair:2   | Found a transporter.
 19741 | Lair:2   | Noticed Figabreb's ghost (journeyman DgIE)
 20199 | Lair:2   | Found a transporter.
 20222 | Lair:2   | Killed Figabreb's ghost
 20482 | Lair:2   | Identified the +4 helmet of Majestic Beauty {rC+}
 20593 | Lair:3   | Reached XP level 14. HP: 81/98 MP: 13/26
 20724 | Lair:3   | Found a dark tunnel.
 20734 | Volcano  | Entered a volcano
 21237 | Volcano  | Found a burning altar of Makhleb.
 22723 | Lair:4   | Reached skill level 10 in Fire Magic
 23078 | Lair:4   | Found a transporter.
 23080 | Lair:4   | Found a transporter.
 23338 | Lair:5   | Entered Level 5 of the Lair of Beasts
 23697 | Lair:4   | Identified the +7 morningstar of Responsibility {elec, rN+}
 24249 | Lair:4   | Reached skill level 1 in Ranged Weapons
 24548 | Lair:4   | Reached skill level 2 in Ranged Weapons
 24691 | Lair:5   | Reached skill level 3 in Ranged Weapons
 24760 | Lair:5   | Reached skill level 4 in Ranged Weapons
 24831 | Lair:5   | Reached skill level 5 in Ranged Weapons
 25020 | Lair:5   | Reached skill level 7 in Ranged Weapons
 25020 | Lair:5   | Reached XP level 15. HP: 71/103 MP: 9/27
 25249 | Lair:5   | Found a staircase to the Slime Pits.
 25250 | Lair:5   | Found a viscous altar of Jiyva.
 25378 | Lair:5   | Reached skill level 8 in Ranged Weapons
 25495 | Lair:5   | Identified the +8 halberd of the Twenty Heavens {freeze,
                  | Int+4}
 25739 | Lair:5   | Reached skill level 9 in Ranged Weapons
 26316 | Lair:5   | Reached skill level 10 in Ranged Weapons
 26542 | Lair:5   | Identified the +9 short sword of the Median {vorpal, +Blink
                  | Str+3}
 26631 | Lair:5   | Identified the +0 troll leather armour of Claustrophobia
                  | {Regen+ Stlth+}
 26766 | Lair:5   | Reached skill level 11 in Ranged Weapons
 27728 | D:12     | Reached skill level 12 in Ranged Weapons
 28256 | D:13     | Reached skill level 13 in Ranged Weapons
 28679 | D:13     | Noticed Erolcha
 28690 | D:13     | Killed Erolcha
 28787 | D:13     | Reached skill level 14 in Ranged Weapons
 29102 | D:13     | Found a gate to the Vaults.
 29574 | D:14     | Reached skill level 15 in Ranged Weapons
 29651 | D:14     | Reached XP level 16. HP: 106/108 MP: 28/28
 30256 | D:14     | Found a transporter.
 30294 | D:14     | Reached skill level 16 in Ranged Weapons
 30412 | D:14     | HP: 5/108 [mirror damage (6)]
 31031 | D:15     | Entered Level 15 of the Dungeon
 31040 | D:15     | Reached skill level 17 in Ranged Weapons
 31044 | D:15     | Noticed Azrael
 31052 | D:15     | Noticed Louise
 31052 | D:15     | Killed Azrael
 31060 | D:15     | Killed Louise
 31496 | D:15     | Reached skill level 18 in Ranged Weapons
 31821 | D:15     | Found a sparkling altar of Nemelex Xobeh.
 32043 | D:15     | Found a staircase to the Depths.
 32442 | Orc:1    | Entered Level 1 of the Orcish Mines
 32454 | Orc:1    | Noticed Josephine
 32459 | Orc:1    | Killed Josephine
 32819 | Orc:2    | Entered Level 2 of the Orcish Mines
 32909 | Orc:2    | Reached ****** piety under Qazlal
 33178 | Orc:2    | Found Gapnoff's Assorted Antiques.
 33188 | Orc:2    | Found Bumoli's Distillery.
 33624 | Orc:2    | Reached XP level 17. HP: 98/113 MP: 23/29
 33787 | Orc:2    | Found Qesuw's Distillery.
 33797 | Orc:2    | Found Ybu Puupn's Antique Weapon Shop.
 34205 | Orc:2    | Found a staircase to the Elven Halls.
 34320 | Orc:2    | Bought a potion of curing for 48 gold pieces
 34320 | Orc:2    | Bought a potion of curing for 48 gold pieces
 34353 | Orc:2    | Bought a potion of brilliance for 60 gold pieces
 34353 | Orc:2    | Bought a potion of resistance for 150 gold pieces
 34353 | Orc:2    | Bought a potion of heal wounds for 75 gold pieces
 34353 | Orc:2    | Bought a potion of heal wounds for 75 gold pieces
 34353 | Orc:2    | Bought a potion of curing for 45 gold pieces
 34362 | Orc:2    | Bought a fading ring mail for 243 gold pieces
 34362 | Orc:2    | Identified the +1 ring mail of Articulation {Contam rN+
                  | Int+7 Dex+2} (You bought it in a shop on level 2 of the
                  | Orcish Mines)
 34362 | Orc:2    | Bought a potion of heal wounds for 135 gold pieces
 34362 | Orc:2    | Bought a scroll of poison for 108 gold pieces
 34362 | Orc:2    | Bought a scroll of enchant armour for 202 gold pieces
 34537 | Swamp:1  | Entered Level 1 of the Swamp
 34844 | Swamp:1  | Noticed a thorn hunter
 34846 | Swamp:1  | Killed a thorn hunter
 35435 | Swamp:2  | Noticed a thorn hunter
 35440 | Swamp:2  | Killed a thorn hunter
 35444 | Swamp:2  | Paralysed by a hornet for 2 turns
 35521 | Swamp:2  | Noticed Nikola
 35528 | Swamp:2  | Killed Nikola
 36255 | Swamp:3  | Reached skill level 1 in Shields
 36715 | Swamp:3  | Noticed a tentacled monstrosity
 36725 | Swamp:3  | Killed a tentacled monstrosity
 37399 | Swamp:4  | Entered Level 4 of the Swamp
 37469 | Swamp:4  | Slain by a tyrant leech

Illustrated notes

Levels and vault maps discovered:
D:1:      psy_arrival_fountain, layout_basic,
          shapermc_ecumenical_altar_notcrosses
D:2:      layout_basic, serial_shops, nicolae_shop_bloodbath_and_beyond,
          nicolae_shop_stone, st_stairs_6, minmay_3d_cube
D:3:      layout_rooms, fedhas_ov_isle_minmay, mainiacjoe_overflow_alcove_2,
          kennysheep_okawaru_gauntlet, pf_just_have_faith, grunt_qazlal_clouds,
          nicolae_vehumet_altar_sigil, serial_aquarium,
          aquarium_bridge_long_separate [aquarium_subvault_wall,
          aquarium_subvault_bridge, aquarium_subvault_window,
          aquarium_subvault_balcony, aquarium_subvault_bridge,
          aquarium_subvault_window], aquarium_bridge_island_small
          [aquarium_subvault_small_open, aquarium_subvault_wall,
          aquarium_subvault_bridge, aquarium_subvault_bridge,
          aquarium_subvault_bridge], aquarium_window_fake, aquarium_window_1,
          aquarium_window_corridor_1, aquarium_window_1, aquarium_view_2d,
          aquarium_pool_1, uniq_ijyb
D:4:      layout_loops_cross, serial_shops, nicolae_shop_hallway_stairs,
          uniq_natasha
D:5:      layout_basic, biasface_ghost_orc_armoury
D:6:      layout_basic, minivault_22
D:7:      layout_gridville, lemuel_tele_altar,
          minmay_temple_entry_statues_fountains, serial_bayou_pond_a
D:8:      layout_basic, kennysheep_mini, mainiacjoe_overflow_boulevard,
          uniq_erica, uniq_maurice, uniq_joseph
D:9:      layout_basic, david_orc_2, grunt_decor_fettered,
          dreamdust_mushroom_princess, nicolae_sextant, uniq_grum, uniq_pikel
D:10:     minmay_bloctagon_deflated, layout_irregular_city
D:11:     layout_irregular_city, lair_entry_dummy, serial_shops,
          nicolae_shop_crystal, nicolae_tso_carved_into_rock
D:12:     layout_roguey [special_room_orc]
D:13:     layout_rooms, erik_vaults_2, uniq_erolcha
D:14:     minmay_slanted_spiral_squares, layout_irregular_city,
          chequers_serial_rivers_micro_b, gammafunk_ghost_mausoleum
D:15:     grunt_enter_depths_snipers, layout_gridville,
          nemelex_diamond_rough_becter, uniq_azrael, uniq_louise
Lair:1:   layout_regular_city, chequers_serial_rivers_small_a
Lair:2:   layout_long_grid, minmay_swamp_entry_swarm, spider_nest_entry_rubble,
          gammafunk_ghost_berserking_beasts, lemuel_fruit_fields
Lair:3:   layout_layer_cave, nicolae_volcano_entry_lava_flow,
          minmay_lair_oklob_items
Lair:4:   gammafunk_boulding_lane, layout_regular_city, nicolae_lair_yak_garden
Lair:5:   due_jungle_book, layout_concentric_octagons,
          minmay_slime_entry_oklob_open, infiniplex_staircase_pool,
          lemuel_fruit_tree, lemuel_fruit_fields, grunt_megastairs_2
Swamp:1:  cheibrodos_swamp_tower_of_moss, layout_falls_marsh,
          evilmike_swamp_ruin_rubble_1
Swamp:2:  layout_falls_marsh, evilmike_swamp_ruin_house_1, swamp_pool1,
          uniq_nikola
Swamp:3:  layout_basic_swamp, nicolae_swamp_oxbows, swamp_pool1,
          nicolae_swamp_some_circles
Swamp:4:  swamp_vile, layout_basic_swamp, swamp_pool2, nicolae_swamp_snake_nest
Orc:1:    layout_caves, gammafunk_ghost_stat_death, uniq_josephine
Orc:2:    st_orc_town, layout_diamond_mine

Skill      XL: |  1  2  3  4  5  6  7  8  9 10 11 12 13 14 15 16 17 |
---------------+----------------------------------------------------+-----
Stealth        | 3 |  3.2
Fighting       | 1 2 3 4 6 7 9 12 13 15 16 | 16.4
Fire Magic     | 4 5 8 12 13 | 13.5
Hexes          | 1 2 3 4 |  4.0
Spellcasting   | 3 4 5 7 8 |  8.1
Invocations    | 3 6 8 |  8.0
Dodging        | 5 9 11 13 14 | 14.7
Conjurations   | 2 7 8 |  8.5
Ranged Weapons | 7 15 18 | 18.0
Shields        | 4 |  4.1
Armour         | |  0.2

Action                   |  1- 3 |  4- 6 |  7- 9 | 10-12 | 13-15 | 16-18 || total
-------------------------+-------+-------+-------+-------+-------+-------++-------
Melee: Unarmed           |     7 |       |       |       |       |       ||     7
 Fire: Sling             |    33 |    50 |    43 |    39 |    78 |       ||   243
       Hand crossbow     |       |       |       |       |   252 |   584 ||   836
 Cast: Foxfire           |    13 |     6 |    16 |     2 |       |       ||    37
       Scorch            |    18 |    26 |    79 |   162 |   148 |       ||   433
       Inner Flame       |       |     4 |    28 |    80 |   116 |    16 ||   244
       Starburst         |       |       |       |       |    37 |    59 ||    96
Invok: Elemental Force   |       |       |     1 |     3 |     1 |     4 ||     9
       Upheaval          |       |       |       |     1 |     1 |     2 ||     4
       Disaster Area     |       |       |       |       |     5 |     1 ||     6
Evoke: Wand              |       |       |     3 |     5 |     8 |       ||    16
       Phial of floods   |       |       |       |       |     1 |     1 ||     2
  Use: Scroll            |       |    12 |     4 |     7 |    21 |    11 ||    55
       Potion            |       |     1 |       |     3 |     1 |    12 ||    17
Armor: Robe              |     6 |     6 |     7 |       |       |       ||    19
       Steam dragon scal |       |       |     1 |    14 |   106 |   103 ||   224
Dodge: Dodged            |    23 |    31 |    42 |    97 |   359 |   356 ||   908
       Repelled          |       |       |       |     3 |    10 |     6 ||    19
Block: Other             |       |       |    14 |       |    24 |   123 ||   161
       Orb               |       |       |       |    36 |   109 |       ||   145
       Buckler           |       |       |       |       |       |    62 ||    62

Table legend: (Time is in decaauts)
 A = Elapsed time spent in this place.
 B = Non-inter-level travel time spent in this place.
 C = Inter-level travel time spent in this place.
 D = Time resting spent in this place.
 E = Time spent auto-exploring this place.
 F = Levels seen in this place.
 G = Mean time per level.
                   A        B        C        D        E       F      G
               +--------+--------+--------+--------+--------+-----+--------+
         Total |  37751 |  35973 |   1778 |   3439 |  28327 |  27 | 1398.2 |
       Dungeon |  22265 |  21122 |   1143 |   1994 |  16827 |  15 | 1484.3 |
          Lair |   9865 |   9421 |    444 |    990 |   7415 |   5 | 1973.0 |
         Swamp |   2942 |   2871 |     71 |    335 |   2127 |   4 |  735.5 |
  Orcish Mines |   1976 |   1857 |    119 |    120 |   1419 |   2 |  988.0 |
       Volcano |    701 |    701 |      0 |      0 |    538 |   1 |  701.0 |
               +--------+--------+--------+--------+--------+-----+--------+

Top non-repeatable levels by time:
  Lair:5: 2977 daAuts
    D:11: 2166 daAuts
    D:12: 2119 daAuts
  Lair:2: 1971 daAuts
    D:14: 1817 daAuts
  Lair:4: 1813 daAuts
     D:8: 1708 daAuts
     D:5: 1689 daAuts
  Lair:3: 1675 daAuts
     D:9: 1643 daAuts
     D:2: 1542 daAuts
   Orc:2: 1471 daAuts
  Lair:1: 1428 daAuts
     D:1: 1398 daAuts
    D:13: 1360 daAuts
